 Dungeon Crawl Stone Soup version 0.27-a0-1139-g28e009f8a6 (webtiles) character file.

Game seed: 15408347504178117644

2080 leviel the Cleaver (level 9, -1/82 HPs)
             Began as a Minotaur Fighter on May 8, 2021.
             Was a Follower of Fedhas.
             Slain by Pikel
             ... wielding a +0 whip of electrocution
              (17 damage)
             ... on level 8 of the Dungeon.
             The game lasted 00:07:59 (6531 turns).

leviel the Cleaver (Minotaur Fighter)               Turns: 6531, Time: 00:07:59

Health: -1/82      AC: 12    Str: 24    XL:     9   Next: 6%
Magic:  8/8        EV:  6    Int:  5    God:    Fedhas [*.....]
Gold:   378        SH: 11    Dex: 16    Spells: 8/8 levels left

rFire    . . .     SeeInvis .   a - +0 war axe
rCold    . . .     Faith    +   c - +0 kite shield
rNeg     . . .     Spirit   .   p - +0 plate armour
rPois    .         Reflect  .   (helmet restricted)
rElec    .         Harm     .   (no cloak)
rCorr    .         Rampage  .   (no gloves)
Will     +....                  (no boots)
Stlth    ..........             r - amulet of faith
HPRegen  0.23/turn              o - +6 ring of dexterity
MPRegen  0.11/turn              v - ring of willpower

@: no status effects
A: horns 2, retaliatory headbutt
a: Renounce Religion


You were on level 8 of the Dungeon.
You worshipped Fedhas.
Fedhas was aware of your devotion.
You visited 2 branches of the dungeon, and saw 9 of its levels.
You also visited: Ossuary.

You collected 378 gold pieces.

Inventory:

Hand Weapons
 a - a +0 war axe (weapon)
 D - a +5 battleaxe of freezing
Missiles
 b - 3 javelins (quivered)
Armour
 c - a +0 kite shield (worn)
 p - a +0 plate armour (worn)
Jewellery
 o - a +6 ring of dexterity (left hand)
 r - an amulet of faith (around neck)
 s - a ring of ice
 v - a ring of willpower (right hand)
Wands
 u - a wand of acid (11)
 y - a wand of flame (11)
 F - a wand of iceblast (8)
Scrolls
 d - a scroll of amnesia {unknown}
 e - 2 scrolls of immolation {unknown}
 f - 3 scrolls of teleportation {unknown}
 g - 4 scrolls of enchant armour {unknown}
 i - a scroll of acquirement {unknown}
 j - 5 scrolls of identify {unknown}
 l - a scroll of noise {unknown}
 n - 2 scrolls of magic mapping {unknown}
 q - a scroll of silence {unknown}
 t - a scroll of enchant weapon {unknown}
 A - a scroll of fear {unknown}
 E - a scroll of vulnerability {unknown}
Potions
 h - 3 potions of attraction
 k - a potion of degeneration {unknown}
 m - a potion of mutation {unknown}
 w - 2 potions of ambrosia
 x - a potion of might
 z - a potion of curing
 B - a potion of invisibility {unknown}
 C - a potion of heal wounds


   Skills:
 * Level 8.8 Fighting
 + Level 9.1 Axes
 + Level 6.4 Armour
 + Level 1.5 Dodging
 + Level 6.5 Shields


You had 8 spell levels left.
You didn't know any spells.
Your spell library contained the following spells:

 Spells                   Type           Power      Damage    Failure   Level
 Animate Skeleton         Necr           0%         N/A       100%        1
 Apportation              Tloc           0%         N/A       100%        1
 Corona                   Hex            0%         N/A       100%        1
 Summon Small Mammal      Summ           0%         N/A       100%        1
 Call Imp                 Summ           0%         N/A       100%        2
 Call Canine Familiar     Summ           0%         N/A       100%        3
 Summon Guardian Golem    Hex/Summ       0%         N/A       100%        3
 Summon Ice Beast         Ice/Summ       0%         N/A       100%        4
 Summon Lightning Spire   Summ/Air       0%         N/A       100%        4


Dungeon Overview and Level Annotations

Branches:
Dungeon (8/15)             Temple (1/1) D:4         Ossuary (visited)
   Lair: D:8-11

Altars:
Ashenzari
Cheibriados
Dithmenos
Elyvilon
Fedhas
Gozag
Hepliaklqana
Kikubaaqudgha
Makhleb
Nemelex Xobeh
Okawaru
Ru
Trog
Uskayaw
Vehumet
Wu Jian
Xom
Yredelemnul
Zin
The Shining One

Shops:
D:3 [:(

Annotations:
D:8 Harold, Pikel


Innate Abilities, Weirdness & Mutations

You have a pair of horns on your head.
You reflexively headbutt those who attack you in melee.


Message History

Fedhas appreciates your contribution to the ecosystem.
You hit the black bear.
The orc hits the plant with a +0 hand axe.
The orc hits the fungus with a +0 hand axe.
You block the black bear's attack. The black bear closely misses you.
You block the black bear's attack.
The orc hits the plant with a +0 hand axe.
The orc hits the fungus with a +0 hand axe.
You hit the black bear. Your headbutt misses the black bear.
The black bear is moderately wounded.
You barely miss Pikel.
A nearby plant withers and dies.
A nearby fungus withers and dies.
Pikel hits you but does no damage.
You are electrocuted!
The black bear bites you. You block the black bear's attack.
The black bear claws you but does no damage.
The lemure shouts!
You hit the black bear but do no damage.
The black bear is moderately wounded.
Your shield and plate armour prevent you from hitting Pikel.
You hear a shout!
Pikel hits you with a +0 whip of electrocution!
You are electrocuted!
The black bear bites you but does no damage.
You block the black bear's attack. x2; Pikel hits you but does no damage.
You are electrocuted!
* * * LOW HITPOINT WARNING * * *
The black bear barely misses you. You furiously retaliate!
You headbutt the black bear. You block the black bear's attack.
The black bear claws you but does no damage.
You hear a shout!
Harold the Weathered comes into view.
He is wielding a +0 glaive.
Harold shouts!
A lemure comes into view.
Harold moves out of view.
Pikel hits you with a +0 whip of electrocution.
* * * LOW HITPOINT WARNING * * *
There is a stone staircase leading up here.
Pikel hits you but does no damage.
You are electrocuted!
You die...
Fedhas appreciates your contribution to the ecosystem.

#.## ...#
##>.# #...
#... #..# .
#..# ...
#.@###.....
#..Kho....P
#.##55.?...
#@


oo.PP.P #. ....P.. .. P...... .. PPP..P. ... PP.P... .#. PP..PP. You could see
Harold, Pikel, a black bear, 2 lemures and 3 orcs.

Vanquished Creatures
  2 wraiths (Ossuary)
  A water moccasin (D:5)
  2 ice beasts (D:7)
  An orc warrior (D:7)
  A sky beast (D:7)
  A black bear (D:8)
  An ogre (D:7)
  A phantom (D:7)
  4 bullfrogs
  A wyvern skeleton (D:3)
  2 wights (Ossuary)
  A centaur zombie (D:7)
  4 crimson imps (D:5)
  A jelly (D:5)
  A hound (D:4)
  An orc priest (D:4)
  A centaur skeleton (D:6)
  2 iguanas (D:7)
  4 orc wizards
  A hound skeleton (D:4)
  A howler monkey zombie (D:6)
  7 gnolls
  5 adders
  An adder zombie (Ossuary)
  An adder skeleton (D:4)
  2 worms (D:2)
  2 dart slugs (D:1)
  19 orcs
  8 endoplasms
  A giant cockroach (D:1)
  3 goblins
  8 hobgoblins
  2 jackals (D:1)
  6 quokkas
  9 ball pythons
  A ball python skeleton (Ossuary)
  6 bats
  2 frilled lizards
  A hobgoblin skeleton (Ossuary)
  4 kobolds
  A kobold zombie (Ossuary)
  3 orc skeletons (Ossuary)
  3 orc zombies (Ossuary)
  3 rats
  A toadstool (D:1)
133 creatures vanquished.

Vanquished Creatures (others)
  16 fungi (D:8)
  25 plants (D:8)
  3 toadstools (D:1)
44 creatures vanquished.

Grand Total: 177 creatures vanquished

Notes
Turn   | Place    | Note
-------+----------+-------------------------------------------
     0 | D:1      | leviel the Minotaur Fighter began the quest for the Orb.
     0 | D:1      | Reached XP level 1. HP: 19/19 MP: 0/0
   291 | D:1      | Reached XP level 2. HP: 14/27 MP: 1/1
   469 | D:1      | Found a faded altar of an unknown god.
   815 | D:1      | Reached XP level 3. HP: 33/33 MP: 2/2
   862 | D:1      | Reached skill level 3 in Axes
  1217 | D:2      | Reached XP level 4. HP: 9/41 MP: 3/3
  2356 | D:3      | Reached skill level 4 in Axes
  2377 | D:3      | Found Areuj's Weapon Boutique.
  2415 | D:3      | Found Bupar's Antique Armour Boutique.
  2471 | D:3      | Found a white marble altar of Elyvilon.
  2520 | D:3      | Found an ancient bone altar of Kikubaaqudgha.
  2520 | D:3      | Found a hide-covered altar of Uskayaw.
  2748 | D:3      | Found Numupampe's Book Shop.
  2787 | D:3      | Reached XP level 5. HP: 33/47 MP: 4/4
  3065 | D:4      | Found a staircase to the Ecumenical Temple.
  3089 | D:4      | Reached skill level 5 in Fighting
  3133 | D:4      | Reached skill level 5 in Axes
  3133 | D:4      | Reached XP level 6. HP: 56/56 MP: 5/5
  3421 | Temple   | Entered the Ecumenical Temple
  3725 | D:5      | Entered Level 5 of the Dungeon
  3855 | D:5      | Found a radiant altar of Vehumet.
  3900 | D:5      | Found a shimmering altar of Xom.
  3908 | D:5      | Noticed a water moccasin
  3945 | D:5      | Killed a water moccasin
  3946 | D:5      | Reached skill level 5 in Armour
  3946 | D:5      | Reached skill level 1 in Dodging
  3977 | D:5      | Reached XP level 7. HP: 39/63 MP: 6/6
  3990 | D:5      | Reached skill level 6 in Axes
  3990 | D:5      | Reached skill level 5 in Shields
  4182 | D:5      | Found a glowing golden altar of the Shining One.
  4182 | D:5      | Found a blossoming altar of Fedhas.
  4478 | D:5      | Became a worshipper of Fedhas Madash
  4660 | D:6      | You fall into a shaft and drop 1 floor!
  5007 | D:7      | Reached skill level 7 in Axes
  5007 | D:7      | Reached XP level 8. HP: 60/73 MP: 7/7
  5084 | D:7      | Found a sand-covered staircase.
  5108 | Ossuary  | Entered an ossuary
  5182 | Ossuary  | Reached * piety under Fedhas
  5205 | Ossuary  | Noticed a flying skull
  5218 | Ossuary  | Noticed a flying skull
  5231 | Ossuary  | Noticed a flying skull
  5521 | Ossuary  | Noticed a flying skull
  5618 | D:7      | Reached skill level 8 in Axes
  6519 | D:8      | Noticed Pikel
  6524 | D:8      | Reached skill level 9 in Axes
  6524 | D:8      | Reached XP level 9. HP: 74/82 MP: 8/8
  6529 | D:8      | Noticed Harold
  6531 | D:8      | Slain by Pikel

Illustrated notes

Levels and vault maps discovered:
D:1:      ldierk_water_garden, layout_loops_ring, ebering_ecumenical_altar_box
D:2:      layout_basic
D:3:      layout_loops_ring, gammafunk_temple_overflow_pools, elyvilon_altar_1,
          serial_shops, shop, shop, nicolae_shop_stone
D:4:      layout_loops_ring, minmay_temple_entry_wispy, minmay_statues_item
D:5:      layout_cave_pools, nicolae_vehumet_altar_sigil, led_xom_imps,
          gammafunk_temple_overflow_elements
D:6:      layout_rooms
D:7:      layout_cave_pods, chequers_ossuary_entry_cave
D:8:      minmay_slanted_spiral_squares, layout_loops_ring,
          overflow_temple_1_default, due_lair_maze_entry_diamond,
          ebering_ghost_disaster_area, minmay_misc_feat_doors,
          lightli_church_of_beogh, uniq_grum, uniq_pikel, uniq_harold
Temple:   oiseaux_autumnal_temple

Skill      XL: |  1  2  3  4  5  6  7  8 |
---------------+-------------------------+-----
Fighting       | 4 5 6 7 8 |  8.8
Armour         | 4 5 6 |  6.4
Axes           | 3 4 5 7 9 |  9.1
Shields        | 4 5 6 |  6.5
Dodging        | 1 |  1.5

Action                   |  1- 3 |  4- 6 |  7- 9 || total
-------------------------+-------+-------+-------++-------
Melee: War axe           |    85 |   134 |   149 ||   368
       Headbutt          |    13 |    25 |    41 ||    79
  Use: Potion            |     1 |     6 |       ||     7
Armor: Scale mail        |    44 |    15 |       ||    59
       Plate armour      |       |    69 |    82 ||   151
       Skin              |       |    18 |       ||    18
Dodge: Dodged            |    37 |    32 |    28 ||    97
Block: Kite shield       |    53 |    85 |   106 ||   244

Table legend: (Time is in decaauts)
 A = Elapsed time spent in this place.
 B = Non-inter-level travel time spent in this place.
 C = Inter-level travel time spent in this place.
 D = Time resting spent in this place.
 E = Time spent auto-exploring this place.
 F = Levels seen in this place.
 G = Mean time per level.
                   A        B        C        D        E       F      G
               +--------+--------+--------+--------+--------+-----+--------+
         Total |   6721 |   6420 |    301 |    479 |   4953 |  10 |  672.1 |
       Dungeon |   5905 |   5635 |    270 |    479 |   4336 |   8 |  738.1 |
        Temple |    296 |    265 |     31 |      0 |    264 |   1 |  296.0 |
       Ossuary |    519 |    519 |      0 |      0 |    353 |   1 |  519.0 |
               +--------+--------+--------+--------+--------+-----+--------+

Top non-repeatable levels by time:
     D:7: 1385 daAuts
     D:2: 1136 daAuts
     D:1: 1061 daAuts
     D:3: 826 daAuts
     D:5: 775 daAuts
 Ossuary: 519 daAuts
     D:4: 504 daAuts
  Temple: 296 daAuts
     D:6: 193 daAuts
     D:8: 22 daAuts
